 Dungeon Crawl Stone Soup version 0.17-b1-15-g0f5fb43 (webtiles) character file.

615 tp1 the Thaumaturge (level 7, 0/36 HPs)
             Began as a Deep Elf Fire Elementalist on Nov 2, 2015.
             Shot with an arrow by a centaur (12 damage)
             ... on level 5 of the Dungeon.
             The game lasted 00:32:29 (6659 turns).

tp1 the Thaumaturge (Deep Elf Fire Elementalist)    Turns: 6659, Time: 00:32:29

Health: 0/36       AC: 11    Str:  5    XL:     7   Next: 21%
Magic:  12/19      EV: 12    Int: 22    God:
Gold:   280        SH:  0    Dex: 15    Spells: 4 memorised, 12 levels left

rFire  + . .     SeeInvis .     r - -2 rapier (curse)
rCold  + . .     Clarity  .     p - +2 leather armour {rC+}
rNeg   . . .     SustAt   +     (no shield)
rPois  .         Gourm    .     (no helmet)
rElec  .         Spirit   .     m - +2 cloak
rCorr  .         Warding  .     t - +0 pair of gloves
rMut   .         Stasis   .     (no boots)
MR     .....                    (no amulet)
Stlth  ++........               f - ring of sustain attributes
                                k - ring of protection from fire

@: not resistant to hostile enchantments, unstealthy
A: yellow scales 1, low mp 1, slow regeneration 1
a: no special abilities


You were on level 5 of the Dungeon.
You were hungry.

You visited 2 branches of the dungeon, and saw 7 of its levels.

You collected 280 gold pieces.

Inventory:

Hand Weapons
 e - a +0 short sword
 i - a +2 short sword of draining
 j - a +0 rapier
 r - a cursed -2 rapier (weapon)
Armour
 a - a +1 robe
 m - a +2 cloak (worn)
 p - a +2 leather armour of cold resistance (worn)
 t - a +0 pair of gloves (worn)
Jewellery
 f - a ring of sustain attributes (right hand)
 k - a ring of protection from fire (left hand)
 q - a -2 ring of strength
 y - an uncursed ring of wizardry {unknown}
Wands
 g - a wand of frost (20)
Scrolls
 s - a scroll of fear {unknown}
 u - a scroll of random uselessness {unknown}
 z - a scroll of magic mapping {unknown}
Potions
 d - 5 potions of curing
 h - a potion of resistance
 l - a potion of heal wounds
 o - 2 potions of degeneration {unknown}
 v - a potion of magic {unknown}
 x - a potion of might {unknown}
 A - a potion of agility {unknown}
Books
 b - a book of Flames

   Spells                             Type                      Level
   a - Flame Tongue                   Conjuration/Fire             1
   b - Throw Flame                    Conjuration/Fire             2
   c - Conjure Flame                  Conjuration/Fire             3
   d - Inner Flame                    Hexes/Fire                   3
   e - Sticky Flame                   Conjuration/Fire             4
   f - Fireball                       Conjuration/Fire             5
Comestibles
 c - 3 bread rations
 n - 3 meat rations


   Skills:
 + Level 2.4 Dodging
 - Level 2.4 Stealth
 - Level 9.0 Spellcasting
 - Level 4.0 Conjurations
 - Level 1.1 Hexes
 - Level 4.0 Fire Magic


You had 12 spell levels left.
You knew the following spells:

 Your Spells              Type           Power        Failure   Level  Hunger
a - Flame Tongue          Conj/Fire      ####.        2%          1    None
b - Conjure Flame         Conj/Fire      ####....     10%         3    None
c - Inner Flame           Hex/Fire       ###.....     14%         3    None
d - Fireball              Conj/Fire      ####......   69%         5    #####..


Dungeon Overview and Level Annotations

Branches:
Dungeon (6/15)             Temple (1/1) D:5

Altars:
Cheibriados
Dithmenos
Fedhas
Gozag
Kikubaaqudgha
Makhleb
Nemelex Xobeh
Okawaru
Qazlal
Ru
Sif Muna
Trog
Xom
Yredelemnul
Zin
The Shining One

Annotations:
D:4 Menkaure


Innate Abilities, Weirdness & Mutations

You are partially covered in yellow scales (AC +2).
Your magical capacity is low (-10% MP).
You regenerate slowly when monsters are visible.


Message History

The centaur shoots an arrow.
The arrow hits you.
The centaur shoots an arrow.
The arrow hits you.
An orc comes into view.
Casting: Conjure Flame
Confirm with . or Enter, or press ? or * to list all spells.
Aiming: Inner Flame
Press: ? - help, Shift-Dir - straight line, f - orc
Aim: an orc, wielding a club and wearing a leather armour (chance to defeat MR: 94%)
The orc is filled with an inner flame.
The orc priest mumbles some strange prayers to Beogh against you.
Something smites you!
Casting: Inner Flame
Confirm with . or Enter, or press ? or * to list all spells.
Aiming: Flame Tongue
Press: ? - help, Shift-Dir - straight line, f/p - orc
Aim: an orc, wielding a club and wearing a leather armour (inner flame)
The flame tongue hits the orc.
The orc is moderately wounded.
The orc moves out of view.
The centaur shoots an arrow.
The arrow hits you!
You die...

.# ############.###
#..............#
#.##########.#.# #.# .#
#.# .# .#########.# .#
.........#[# .#
.#######.#@# .#
.###########.#ยง#######
.#
.......c.....oc.......
######.####.#.####.##
#.# #...o..#
..######.####......#
#..................#
#.######.######.####.#
#....#).......#


You could see a centaur, an orc priest and an orc (inner flame).

Vanquished Creatures
  A sky beast (D:4)
  2 ogres
  A scorpion (D:5)
  An orc priest (D:5)
  A giant frog skeleton (D:4)
  A centaur skeleton (D:4)
  2 worker ants (D:5)
  A worker ant zombie (D:5)
  3 adders
  An ooze (D:5)
  3 worms (D:3)
  5 giant geckos
  5 orcs
  2 ball pythons
  5 giant cockroaches
  16 goblins
  7 hobgoblins
  11 jackals
  A quokka (D:3)
  6 bats
  A giant cockroach zombie (D:5)
  3 giant newts
  13 kobolds
  10 rats
102 creatures vanquished.

Notes
Turn   | Place    | Note
--------------------------------------------------------------
     0 | D:1      | tp1 the Deep Elf Fire Elementalist began the quest for the Orb.
     0 | D:1      | Reached XP level 1. HP: 10/10 MP: 6/6
   277 | D:1      | Reached XP level 2. HP: 12/15 MP: 4/8
   952 | D:1      | Reached XP level 3. HP: 19/19 MP: 6/9
  1705 | D:2      | Found an ancient bone altar of Kikubaaqudgha.
  1705 | D:2      | Found a glowing silver altar of Zin.
  2013 | D:2      | Reached skill level 4 in Conjurations
  2332 | D:3      | Found a snail-covered altar of Cheibriados.
  2390 | D:3      | Learned a level 3 spell: Conjure Flame
  2394 | D:3      | Learned a level 3 spell: Inner Flame
  2419 | D:3      | Found a blossoming altar of Fedhas.
  2422 | D:3      | Reached XP level 4. HP: 24/24 MP: 8/10
  3024 | D:3      | Noticed a moth of wrath
  3027 | D:3      | Found a bloodstained altar of Trog.
  3198 | D:3      | Noticed an ogre
  3369 | D:4      | Reached XP level 5. HP: 28/28 MP: 4/13
  3474 | D:4      | Noticed Menkaure
  3487 | D:5      | Entered Level 5 of the Dungeon
  3554 | D:5      | Found a staircase to the Ecumenical Temple.
  3563 | Temple   | Entered the Ecumenical Temple
  3744 | D:5      | Reached skill level 5 in Spellcasting
  4036 | D:5      | Noticed an ogre
  4041 | D:5      | Noticed a centaur
  4046 | D:5      | Killed an ogre
  4046 | D:5      | Reached skill level 6 in Spellcasting
  4046 | D:5      | Reached XP level 6. HP: 19/32 MP: 1/17
  4094 | D:6      | Found an iron altar of Okawaru.
  4663 | D:3      | Killed an ogre
  4663 | D:3      | Reached skill level 7 in Spellcasting
  4734 | D:3      | Found a bloodstained altar of Trog.
  5187 | D:3      | Found a snail-covered altar of Cheibriados.
  5257 | D:3      | Found a blossoming altar of Fedhas.
  5766 | D:4      | Reached skill level 8 in Spellcasting
  5766 | D:4      | Reached XP level 7. HP: 24/36 MP: 13/21
  5770 | D:4      | Gained mutation: You occasionally shout uncontrollably at your foes. [mutagenic meat]
  5771 | D:4      | Gained mutation: You are partially covered in yellow scales (AC +2). [mutagenic meat]
  5776 | D:4      | Lost mutation: You occasionally shout uncontrollably at your foes. [potion of cure mutation]
  5777 | D:4      | Gained mutation: Your magical capacity is low (-10% MP). [mutagenic meat]
  5778 | D:4      | Gained mutation: You regenerate slowly when monsters are visible. [mutagenic meat]
  5855 | D:4      | Found a sparkling altar of Nemelex Xobeh.
  5913 | D:4      | Found an opulent altar of Gozag.
  5913 | D:4      | Found a sacrificial altar of Ru.
  5915 | D:4      | Found a sparkling altar of Nemelex Xobeh.
  5918 | D:4      | Found a shimmering altar of Xom.
  6277 | D:4      | Found a sparkling altar of Nemelex Xobeh.
  6328 | D:4      | Found a sacrificial altar of Ru.
  6329 | D:4      | Found an opulent altar of Gozag.
  6331 | D:4      | Found a sparkling altar of Nemelex Xobeh.
  6332 | D:4      | Found a shimmering altar of Xom.
  6447 | D:5      | Reached skill level 9 in Spellcasting
  6454 | D:5      | Learned a level 5 spell: Fireball
  6588 | D:5      | Reached skill level 1 in Hexes
  6659 | D:5      | Shot with an arrow by a centaur

Action                   |  1- 3 |  4- 6 |  7- 9 || total
-------------------------+-------+-------+-------++-------
Melee: Short sword       |    26 |     4 |       ||    30
       Rapier            |       |     2 |     1 ||     3
 Cast: Flame Tongue      |    90 |    70 |    24 ||   184
       Conjure Flame     |       |    10 |     2 ||    12
       Inner Flame       |       |    10 |     1 ||    11
  Use: Scroll            |     6 |     3 |       ||     9
       Potion            |       |     2 |     1 ||     3
  Eat: Chunk             |     3 |     6 |     6 ||    15
       Beef jerky        |     1 |       |       ||     1
       Meat ration       |       |     1 |       ||     1
